 Dungeon Crawl Stone Soup version 0.32-a0-814-g0968bab981 (console) character file.

Game seed: 9540638237441749336

137121 laburnum the Bludgeoner (level 17, 0/132 (136) HPs)
             Began as a Human Wanderer on Mar 22, 2024.
             Was the Champion of Okawaru.
             Slain by a pharaoh ant (15 damage)
             ... on level 1 of the Spider Nest on Mar 23, 2024.
             The game lasted 01:07:56 (29033 turns).

laburnum the Bludgeoner (Human Wanderer)           Turns: 29033, Time: 01:07:56

HP:   0/132 (136)   AC: 30    Str: 27    XL:     17   Next: 23%
MP:   25/25         EV: 10    Int: 12    God:    Okawaru [******]
Gold: 3425          SH:  7    Dex: 14    Spells: 16/16 levels left

rFire   . . .        b - +7 eveningstar (freeze)
rCold   + . .        n - +2 buckler
rNeg    . . .        W - +0 plate armour
rPois   +            Y - +2 helmet
rElec   .            s - -2 cloak of the Hot Ocelot {rPois rC+ Will+}
rCorr   +            D - +0 pair of gloves
SInv    .            J - +2 pair of boots
Will    ++...        q - amulet of regeneration Stlth
                     B - ring "Xarigafi" {rCorr AC+4 Str+5}
HPRegen 1.22/turn    N - +4 ring of slaying
MPRegen 0.19/turn

%: no passive effects
@: lightly drained
A: explore regen, talons 1, iridescent scales 1, clever 1
a: Renounce Religion, Heroism, Finesse, Duel


You were on level 1 of the Spider Nest.
You worshipped Okawaru.
Okawaru was exalted by your worship.
You visited 5 branches of the dungeon, and saw 24 of its levels.
You also visited: Sewer, Ossuary, Gauntlet, Ice Cave and Volcano.

You collected 3596 gold pieces.
You spent 171 gold pieces at shops.

Inventory:

Hand Weapons
 b - a +7 eveningstar of freezing (weapon)
 v - a +4 morningstar of holy wrath
Missiles
 d - 2 datura-tipped darts
 l - 2 throwing nets
 C - 11 curare-tipped darts (quivered)
 H - 21 silver javelins
 V - 5 atropa-tipped darts
 Z - 21 javelins
Armour
 n - a +2 buckler (worn)
 s - the -2 cloak of the Hot Ocelot (worn) {rPois rC+ Will+}
   (Okawaru gifted it to you on level 4 of the Lair of Beasts)

   rC+:       It protects you from cold.
   rPois:     It protects you from poison.
   Will+:     It increases your willpower.
 D - a +0 pair of gloves (worn)
 J - a +2 pair of boots (worn)
 W - a +0 plate armour (worn)
 Y - a +2 helmet (worn)
Jewellery
 p - a ring of see invisible
 q - an amulet of regeneration (around neck)
 r - the amulet of Kuefaf {rF+ RegenMP+}
   (You found it on level 15 of the Dungeon)

   [amulet of magic regeneration]

   It increases your rate of magic regeneration.
   rF+:       It protects you from fire.
   RegenMP+:  It increases your rate of magic regeneration.
 w - a ring of positive energy
 B - the ring "Xarigafi" (left hand) {rCorr AC+4 Str+5}
   (You found it on level 13 of the Dungeon)

   [ring of protection]

   AC+4:      It affects your AC (+4).
   Str+5:     It affects your strength (+5).
   rCorr:     It protects you from acid and corrosion.
 L - a ring of flight
 M - a ring of protection from cold
 N - a +4 ring of slaying (right hand)
 U - a ring of willpower
Wands
 y - a wand of paralysis (14)
 I - a wand of light (35)
 Q - a wand of iceblast (14)
 X - a wand of digging (10)
Scrolls
 a - 2 scrolls of enchant armour
 c - 6 scrolls of amnesia
 e - 6 scrolls of fog
 f - 3 scrolls of fear
 u - 5 scrolls of immolation
 x - 2 scrolls of noise
 E - 9 scrolls of teleportation
 G - 4 scrolls of revelation
 S - 5 scrolls of identify
 T - 4 scrolls of poison
Potions
 g - 2 potions of mutation
 h - 13 potions of might
 i - 2 potions of haste
 j - a potion of berserk rage
 m - a potion of ambrosia
 o - 5 potions of brilliance
 t - 9 potions of curing
 z - 4 potions of enlightenment
 A - 4 potions of attraction
 K - 4 potions of heal wounds
 P - a potion of resistance
 R - 3 potions of cancellation
Miscellaneous
 k - a tin of tremorstones (1/2)
 F - a lightning rod (4/4)
 O - a phial of floods


   Skills:
 - Level 13.0 Fighting
 - Level 15.8(16.0) Maces & Flails
 - Level 3.0(10.7) Staves
 - Level 12.0 Throwing
 - Level 13.0 Armour
 + Level 9.3 Dodging
 - Level 6.0 Shields
 - Level 2.0 Unarmed Combat
 - Level 11.0 Invocations
 - Level 6.0 Evocations


You had 16 spell levels left.
You didn't know any spells.
Your spell library contained the following spells:

 Spells                   Type           Power      Damage    Failure   Level
 Apportation              Tloc           0%         N/A       95%         1
 Freeze                   Ice            0%         1d3       95%         1
 Necrotise                Necr           0%         1d4       95%         1
 Sting                    Conj/Alch      0%         1d3       95%         1
 Blink                    Tloc           0%         N/A       99%         2
 Cigotuvi's Dreadful Rot  Necr/Alch/Air  0%         N/A       99%         2
 Lesser Beckoning         Tloc           0%         N/A       99%         2
 Mercury Vapours          Alch/Air       0%         N/A       99%         2
 Momentum Strike          Conj/Tloc      0%         3d8       99%         2
 Frozen Ramparts          Ice            0%         1d1       100%        3
 Hailstorm                Conj/Ice       0%         3d5       100%        3
 Inner Flame              Hex/Fire       0%         N/A       100%        3
 Ozocubu's Armour         Ice            0%         N/A       100%        3
 Passwall                 Erth           0%         N/A       100%        3
 Volatile Blastmotes      Fire/Tloc      0%         2d10      100%        3
 Anguish                  Hex/Necr       0%         N/A       100%        4
 Cause Fear               Hex            0%         N/A       100%        4
 Dimensional Bullseye     Hex/Tloc       0%         N/A       100%        4
 Dispel Undead            Necr           0%         3d6       100%        4
 Iskenderun's Mystic Bla  Conj/Tloc      0%         2d3       100%        4
 Leda's Liquefaction      Alch/Erth      0%         N/A       100%        4
 Olgreb's Toxic Radiance  Alch           0%         N/A       100%        4
 Petrify                  Alch/Erth      0%         N/A       100%        4
 Irradiate                Conj/Alch      0%         3d11      100%        5
 Metabolic Englaciation   Hex/Ice        0%         N/A       100%        5
 Bombard                  Conj/Erth      0%         9d1       100%        6
 Enfeeble                 Hex            0%         N/A       100%        7
 Ozocubu's Refrigeration  Ice            0%         4d7       100%        7
 Discord                  Hex            0%         N/A       100%        8
 Polar Vortex             Ice            0%         N/A       100%        9
 Summon Small Mammal      Summ           Unusable   N/A       N/A         1
 Tukima's Dance           Hex            Unusable   N/A       N/A         3
 Martyr's Knell           Necr/Summ      Unusable   N/A       N/A         4
 Sculpt Simulacrum        Ice/Alch       Unusable   N/A       N/A         6

Dungeon Overview and Level Annotations

Branches:
Dungeon (15/15)            Temple (1/1) D:4            Lair (5/5) D:8
 Shoals (0/4) Lair:2       Spider (1/4) Lair:2        Slime (0/5) Lair:5
    Orc (2/2) D:11            Elf (0/3) Orc:2        Vaults (0/5) D:14
 Depths (0/4) D:15          Sewer (visited)         Ossuary (visited)
  IceCv (visited)         Volcano (visited)         Gauntlet (visited)

Altars:
Ashenzari
Cheibriados
Dithmenos
Elyvilon
Fedhas
Gozag
Hepliaklqana
Kikubaaqudgha
Makhleb
Nemelex Xobeh
Okawaru
Qazlal
Ru
Sif Muna
Trog
Uskayaw
Vehumet
Wu Jian
Xom
Yredelemnul
Zin
The Shining One

Shops:
D:11 *   D:15 !   Orc:2 (:*[(

Portals:
Hell: Lair:5


Innate Abilities, Weirdness & Mutations

You regain HP and MP as you explore.
You have sharp toenails.
You are partially covered in iridescent scales. (AC +2)
Your mind is acute. (Int +4, Str/Dex -1)


Message History

The culicivora bites you.
The culicivora draws strength from your injuries!
You impale the tarantella!! You freeze the tarantella.
You kill the tarantella!
Okawaru accepts your kill. The culicivora misses you.
You closely miss the culicivora.
The culicivora bites you but does no damage.
The pharaoh ant bites you but does no damage.
You bump into the rock wall.
The culicivora bites you!
The culicivora draws strength from your injuries!
The pharaoh ant bites you but does no damage.
The culicivora bites you!
The culicivora draws strength from your injuries!
The pharaoh ant barely misses you.
You bump into the rock wall.
The culicivora closely misses you. The pharaoh ant closely misses you.
You bump into the rock wall.
The culicivora bites you!
The culicivora draws strength from your injuries!
The pharaoh ant waves its antennae.
The pharaoh ant barely misses you.
The culicivora bites you but does no damage.
You bump into the rock wall.
The pharaoh ant bites you! The culicivora barely misses you.
The pharaoh ant waves its antennae.
The pharaoh ant bites you but does no damage.
You closely miss the culicivora. The culicivora bites you.
* * * LOW HITPOINT WARNING * * *
The culicivora draws strength from your injuries!
The pharaoh ant bites you!!
* * * LOW HITPOINT WARNING * * *
You feel drained.
* * * LOW HITPOINT WARNING * * *
The culicivora barely misses you.
You bump into the rock wall.
The pharaoh ant barely misses you. The culicivora bites you!
* * * LOW HITPOINT WARNING * * *
The culicivora draws strength from your injuries!
You feel better. The pharaoh ant bites you!
You die...

##....## #........... #......#
##^......... #^....^##
#.........# ### #.......#
#^.†####### #..##.
##.......####..## ###......
#.........##....#####.........
#.........#...#...............
##...........##.B..............
#...........###@ss.............
###.........##
###.............. .........####
##............. ##########
##............ ## #............
.# #.## #........../. .#
#....##...........# ##
#...##......### ###.#########


You could see a demonic crawler, a culicivora and a pharaoh ant.

Vanquished Creatures
  Rupert (Lair:5)
  Kirke (D:12)
  Aizul (Spider:1)
  The ghost of Bialiabluu the Warrior, an adept GrEE of Gozag (D:15)
  An orc warlord (Orc:2)
  A broodmother (Spider:1)
  A red draconian (Volcano)
  2 minotaurs
  A dire elephant (Lair:5)
  Josephine (D:9)
  An entropy weaver (Spider:1)
  2 rakshasas (D:15)
  Erolcha (Orc:1)
  A ghost crab (Gauntlet)
  8 hydras
  A jorogumo (Spider:1)
  An ogre mage (D:15)
  8 boulder beetles
  10 centaur warriors
  Erica (Lair:2)
  10 two-headed ogres
  6 death yaks
  2 demonic crawlers (Spider:1)
  3 tengu warriors
  7 orc high priests
  2 occultists
  A salamander mystic (Volcano)
  A sun demon (Lair:5)
  A soul eater (Gauntlet)
  A skyshark (Lair:5)
  An arcanist (D:14)
  An orb spider (Spider:1)
  A skeletal warrior (D:14)
  An obsidian statue (Gauntlet)
  2 steelbarb worms (Spider:1)
  2 necromancers
  A lindwurm (Lair:4)
  4 orc knights
  6 deep elf pyromancers
  An obsidian bat (Orc:1)
  4 wolf spiders
  7 cyclopes
  5 orc sorcerers
  26 elephants
  6 salamanders (Volcano)
  4 meliai (D:14)
  A moth of wrath (shapeshifter) (D:14)
  2 manticores
  7 kobold blastminers
  5 ugly things
  5 black mambas
  2 torpor snails
  2 orange demons (Lair:5)
  A smoke demon (Lair:5)
  A cane toad (shapeshifter) (D:15)
  A gargoyle (D:11)
  10 cane toads
  3 ice statues (IceCv)
  7 komodo dragons
  A centaur skeleton (D:15)
  An efreet (D:14)
  Maggie (Lair:2)
  3 tengu conjurers
  7 rime drakes
  A kobold demonologist (D:9)
  2 freezing wraiths (D:14)
  5 ice devils
  A red devil (Lair:5)
  5 trolls
  7 polar bears
  4 tarantellas (Spider:1)
  A wind drake (Lair:2)
  5 dream sheep (Lair:5)
  18 blink frogs
  12 slime creatures
  A centaur simulacrum (D:14)
  2 culicivoras (Spider:1)
  5 jumping spiders (Spider:1)
  11 wyverns
  2 vampires
  A dire elephant simulacrum (IceCv)
  4 humans (D:12)
  A water elemental (D:15)
  6 wraiths
  55 yaks
  Eustachio (D:6)
  A basilisk (shapeshifter) (D:15)
  2 hogs (D:12)
  A fire elemental (D:11)
  11 basilisks
  3 wargs (Orc:2)
  3 steam dragons
  Grum (D:8)
  5 vampire mosquitoes
  3 redbacks (Spider:1)
  Edmund (D:5)
  2 acid dragons (D:11)
  A hydra simulacrum (IceCv)
  13 water moccasins
  4 hell hounds
  A swamp drake (D:10)
  Pargi (Sewer)
  40 orc warriors
  A sky beast (D:8)
  6 laughing skulls
  22 ogres
  6 wolves
  12 centaurs
  2 phantoms
  Blork the orc (D:6)
  4 kobold brigands
  11 bullfrogs
  A cane toad simulacrum (IceCv)
  3 gnoll sergeants
  A scorpion (D:7)
  4 wights (D:8)
  A hornet simulacrum (D:15)
  2 elephant simulacra (IceCv)
  4 electric eels
  8 howler monkeys
  6 bombardier beetles
  5 lava snakes
  5 centaur zombies
  3 hounds
  2 jellies
  23 orc priests
  Crazy Yiuf (D:2)
  A boggart zombie (D:15)
  7 iguanas
  26 orc wizards
  A sleepcap (D:5)
  8 hell rats (Lair:3)
  A polar bear simulacrum (IceCv)
  A wolf simulacrum (IceCv)
  2 ogre zombies (Ossuary)
  7 mummies (Ossuary)
  8 gnolls
  4 adders
  2 river rats (D:4)
  4 shadow imps
  2 white imps
  8 ufetubi
  2 adder zombies (Ossuary)
  5 dart slugs
  3 ribbon worms
  88 orcs
  10 ball pythons
  3 endoplasms
  3 giant cockroaches
  4 goblins
  3 hobgoblins
  12 jackals
  27 kobolds
  5 quokkas
  6 bats
  2 frilled lizards
  A gnoll zombie (Ossuary)
  4 goblin zombies (Ossuary)
  7 hobgoblin zombies (Ossuary)
  5 kobold zombies (Ossuary)
  2 orc zombies (Ossuary)
  2 quokka zombies (Ossuary)
  5 rats
  2 rat zombies (Ossuary)
871 creatures vanquished.

Vanquished Creatures (others)
  2 orc priests (Orc:2)
  2 kobolds (D:8)
4 creatures vanquished.

Grand Total: 875 creatures vanquished

Notes
Turn   | Place    | Note
-------+----------+-------------------------------------------
     0 | D:1      | laburnum the Human Wanderer began the quest for the Orb.
     0 | D:1      | laburnum set off with the following items: a +2
                  | quarterstaff, a scroll of teleportation, 12 poisoned darts,
                  | a +0 dagger, a scroll of fog, a +0 leather armour.
     0 | D:1      | Reached XP level 1. HP: 13/13 MP: 1/1
    74 | D:1      | Reached skill level 1 in Fighting
   356 | D:1      | Reached XP level 2. HP: 21/21 MP: 2/2
   840 | D:2      | Found a runed translucent door.
   841 | D:2      | Noticed Crazy Yiuf
   965 | D:2      | Reached XP level 3. HP: 27/27 MP: 3/3
  1391 | D:2      | Reached XP level 4. HP: 27/34 MP: 4/4
  1816 | D:3      | Found a bloodstained altar of Trog.
  2211 | D:3      | Found a sparkling altar of Nemelex Xobeh.
  2212 | D:3      | Found a glowing silver altar of Zin.
  2425 | D:4      | Noticed a phantom
  2440 | D:3      | Killed a phantom
  2441 | D:3      | Reached XP level 5. HP: 41/42 MP: 5/5
  2469 | D:4      | Found a staircase to the Ecumenical Temple.
  2542 | Temple   | Entered the Ecumenical Temple
  2551 | Temple   | Became a worshipper of Warmaster Okawaru
  2583 | D:4      | Found a glowing drain.
  2622 | Sewer    | Entered a sewer
  2712 | Sewer    | Noticed Pargi
  2747 | Sewer    | Killed Pargi
  2748 | Sewer    | Reached XP level 6. HP: 38/50 MP: 6/6
  2865 | D:4      | Reached * piety under Okawaru
  2990 | D:4      | Reached skill level 5 in Fighting
  3207 | D:4      | Found a hazy altar of Hepliaklqana.
  3572 | D:5      | Entered Level 5 of the Dungeon
  3818 | D:5      | Reached skill level 1 in Evocations
  3824 | D:5      | Reached XP level 7. HP: 56/56 MP: 8/8
  4711 | D:5      | Reached ** piety under Okawaru
  4722 | D:5      | Reached XP level 8. HP: 58/64 MP: 10/10
  4754 | D:5      | Noticed Edmund
  4789 | D:5      | Killed Edmund
  5023 | D:6      | Noticed Eustachio
  5023 | D:6      | Noticed Blork the orc
  5242 | D:6      | Reached skill level 1 in Maces & Flails
  5324 | D:6      | Killed Blork the orc
  5349 | D:6      | Reached skill level 2 in Maces & Flails
  5718 | D:5      | Reached skill level 3 in Maces & Flails
  5969 | D:5      | Reached skill level 5 in Armour
  6324 | D:6      | Killed Eustachio
  6325 | D:6      | Reached skill level 4 in Maces & Flails
  6347 | D:6      | Found a basalt altar of Yredelemnul.
  6369 | D:6      | Found a stormy altar of Qazlal.
  6605 | D:7      | Reached XP level 9. HP: 67/69 MP: 11/11
  6608 | D:7      | Reached skill level 5 in Maces & Flails
  6683 | D:7      | Found a sand-covered staircase.
  6691 | D:7      | Reached skill level 1 in Shields
  6694 | Ossuary  | Entered an ossuary
  6754 | Ossuary  | Reached skill level 6 in Maces & Flails
  7066 | Ossuary  | Reached *** piety under Okawaru
  7767 | D:7      | Reached skill level 7 in Maces & Flails
  7978 | D:8      | Found a staircase to the Lair.
  8347 | D:8      | Reached **** piety under Okawaru
  8467 | D:8      | Reached skill level 5 in Shields
  8467 | D:8      | Reached XP level 10. HP: 68/76 MP: 12/12
  8470 | D:8      | Reached skill level 8 in Maces & Flails
  8720 | D:8      | Noticed Grum
  8734 | D:8      | Killed Grum
  8957 | D:8      | Reached skill level 5 in Invocations
  9848 | D:2      | Killed Crazy Yiuf
 10143 | D:9      | Reached skill level 9 in Maces & Flails
 10187 | D:9      | Reached ***** piety under Okawaru
 10219 | D:9      | Got the Handbook of the Sneaky Olives
 10269 | D:9      | Noticed a kobold demonologist
 10292 | D:9      | Noticed a rust devil
 10293 | D:9      | Killed a kobold demonologist
 10880 | D:10     | Entered Level 10 of the Dungeon
 10883 | D:10     | Noticed Josephine
 10897 | D:9      | Killed Josephine
 10898 | D:9      | Reached skill level 5 in Throwing
 10905 | D:9      | Reached XP level 11. HP: 35/81 MP: 15/15
 11182 | D:9      | Received a gift from Okawaru
 11183 | D:9      | Reached skill level 10 in Maces & Flails
 11441 | D:10     | Reached skill level 11 in Maces & Flails
 11684 | D:10     | Found a sacrificial altar of Ru.
 12012 | D:10     | Found a snail-covered altar of Cheibriados.
 12013 | D:10     | Found a glowing golden altar of the Shining One.
 12494 | D:11     | Noticed a deep elf pyromancer
 12513 | D:10     | Killed a deep elf pyromancer
 12634 | Lair:1   | Entered Level 1 of the Lair of Beasts
 12682 | Lair:1   | Reached skill level 12 in Maces & Flails
 12845 | Lair:1   | Received a gift from Okawaru
 13204 | Lair:1   | Found a shimmering altar of Xom.
 13301 | D:8      | Reached skill level 13 in Maces & Flails
 13510 | D:8      | HP: 3/80 [black mamba (13)]
 13898 | Lair:1   | Reached XP level 12. HP: 63/88 MP: 16/16
 14782 | Lair:2   | Found a hole to the Spider Nest.
 14782 | Lair:2   | Found the +7 Spriggan's Knife {stab, EV+4 Stlth+}
 14795 | Lair:2   | Received a gift from Okawaru
 14820 | Lair:2   | Found a frozen archway.
 14967 | IceCv    | Entered an ice cave
 15507 | Lair:2   | Noticed Maggie
 15531 | Lair:2   | Killed Maggie
 15531 | Lair:2   | Received a gift from Okawaru
 15590 | Lair:2   | Reached skill level 14 in Maces & Flails
 15591 | Lair:2   | Found a staircase to the Shoals.
 15702 | Lair:2   | Noticed Erica
 15924 | Lair:2   | Killed Erica
 16203 | Lair:2   | Noticed a six-headed hydra
 16219 | Lair:2   | Killed a six-headed hydra
 16219 | Lair:2   | Received a gift from Okawaru
 16220 | Lair:2   | Reached XP level 13. HP: 59/99 MP: 17/17
 16907 | Lair:3   | Reached skill level 15 in Maces & Flails
 17274 | Lair:3   | Received a gift from Okawaru
 17853 | Lair:4   | Reached ****** piety under Okawaru
 17912 | Lair:4   | Acquired the -2 cloak of the Hot Ocelot {rPois rC+ Will+}
 17912 | Lair:4   | Received a gift from Okawaru
 17929 | Lair:4   | Acquired a +4 morningstar of holy wrath
 17929 | Lair:4   | Received a gift from Okawaru
 18012 | Lair:4   | Received a gift from Okawaru
 18085 | Lair:4   | Reached skill level 10 in Fighting
 18149 | Lair:4   | Received a gift from Okawaru
 18164 | Lair:4   | Reached XP level 14. HP: 80/110 MP: 18/18
 18284 | Lair:4   | Reached skill level 10 in Armour
 18796 | Lair:4   | Identified a scroll of acquirement
 18796 | Lair:4   | Acquired 1246 gold pieces
 18953 | Lair:5   | Entered Level 5 of the Lair of Beasts
 19014 | Lair:5   | Received a gift from Okawaru
 19062 | Lair:5   | Found a gate leading to a gauntlet.
 19075 | Gauntlet | Entered a Gauntlet
 19075 | Gauntlet | Found a transporter.
 19075 | Gauntlet | Found a transporter.
 19075 | Gauntlet | Found a transporter.
 19079 | Gauntlet | Found a transporter.
 19079 | Gauntlet | Found a transporter.
 19079 | Gauntlet | Found a transporter.
 19119 | Gauntlet | Found a transporter.
 19121 | Gauntlet | Found a transporter.
 19131 | Gauntlet | Found a transporter.
 19150 | Gauntlet | Found a transporter.
 19169 | Gauntlet | Found a transporter.
 19171 | Gauntlet | Found a transporter.
 19173 | Gauntlet | Found a runed translucent gate.
 19173 | Gauntlet | Found a runed translucent gate.
 19173 | Gauntlet | Found a runed translucent gate.
 19174 | Gauntlet | Found a large runed translucent door.
 19174 | Gauntlet | Found a large runed translucent door.
 19175 | Gauntlet | Found a large runed translucent door.
 19175 | Gauntlet | Found a large runed translucent door.
 19176 | Gauntlet | Found a large runed translucent door.
 19176 | Gauntlet | Found a large runed translucent door.
 19176 | Gauntlet | Found a large runed translucent door.
 19179 | Gauntlet | Found a large runed translucent door.
 19179 | Gauntlet | Found a large runed translucent door.
 19179 | Gauntlet | Found a runed translucent door.
 19180 | Gauntlet | Found a large runed translucent door.
 19181 | Gauntlet | Found a large runed translucent door.
 19184 | Gauntlet | Found a runed translucent door.
 19191 | Gauntlet | Found a large runed translucent door.
 19191 | Gauntlet | Found a large runed translucent door.
 19192 | Gauntlet | Found a large runed translucent door.
 19193 | Gauntlet | Found a large runed translucent door.
 19193 | Gauntlet | Found a large runed translucent door.
 19313 | Gauntlet | Reached skill level 5 in Evocations
 19354 | Gauntlet | Identified the amulet "Taimono" {Acrobat rPois Str-3 Dex+6}
 19434 | Gauntlet | Received a gift from Okawaru
 19440 | Gauntlet | Found the +8 pair of quick blades "Gyre" and "Gimble"
                  | {protect}
 19456 | Gauntlet | Got the Lessons on Leucosis
 19512 | Lair:5   | Found a dark tunnel.
 19517 | Volcano  | Entered a volcano
 19615 | Volcano  | Found a bloodstained altar of Trog.
 19663 | Volcano  | Noticed a red draconian
 19698 | Volcano  | Killed a red draconian
 19890 | Lair:5   | Noticed Rupert
 19910 | Lair:5   | Paralysed by Rupert for 4 turns
 19979 | Lair:5   | Found a staircase to the Slime Pits.
 20056 | Lair:5   | Received a gift from Okawaru
 20317 | Lair:5   | Reached skill level 10 in Invocations
 20435 | Lair:5   | Paralysed by Rupert for 3 turns
 20450 | Lair:5   | Killed Rupert
 20589 | Lair:5   | Received a gift from Okawaru
 20590 | Lair:5   | Reached XP level 15. HP: 114/118 MP: 22/22
 20831 | Lair:5   | Found a burning altar of Makhleb.
 20978 | Lair:5   | Found a gateway to Hell.
 20985 | Lair:5   | Identified the +9 scale mail of Demons {rC+ Int+6 SInv}
 21490 | D:11     | Found Tuwulangirph's Assorted Antiques.
 21589 | D:11     | Identified the +9 hand axe of Scorn {vamp, rPois SInv}
 21850 | D:11     | Found a staircase to the Orcish Mines.
 21882 | Orc:1    | Entered Level 1 of the Orcish Mines
 21925 | Orc:1    | Received a gift from Okawaru
 22680 | Orc:1    | Noticed Erolcha
 22701 | Orc:1    | Killed Erolcha
 22811 | Orc:1    | Received a gift from Okawaru
 22840 | Orc:2    | Entered Level 2 of the Orcish Mines
 23040 | Orc:2    | Noticed an orc warlord
 23218 | Orc:2    | Gained mutation: You are vulnerable to cold. (rC-) [a
                  | neqoxec]
 23256 | Orc:1    | Lost mutation: You are vulnerable to cold. (rC-) [potion of
                  | mutation]
 23256 | Orc:1    | Gained mutation: You are partially covered in iridescent
                  | scales. (AC +2) [potion of mutation]
 23256 | Orc:1    | Gained mutation: You have sharp toenails. [potion of
                  | mutation]
 23256 | Orc:1    | Gained mutation: Your mind is acute. (Int +4, Str/Dex -1)
                  | [potion of mutation]
 23291 | Orc:2    | Found Kicugg's Antique Weapon Shop.
 23445 | Orc:2    | Killed an orc warlord
 23843 | Orc:2    | Received a gift from Okawaru
 24115 | Orc:2    | Reached XP level 16. HP: 116/129 MP: 24/24
 24163 | Orc:2    | Found Variphy's General Store.
 24164 | Orc:2    | Found Mowarhex's Book Emporium.
 24166 | Orc:2    | Found Huibeduts's Antique Armour Emporium.
 24166 | Orc:2    | Found Syamod's Antique Weapon Shoppe.
 24308 | Orc:2    | Found a staircase to the Elven Halls.
 24365 | Orc:2    | Bought a scorched morningstar for 171 gold pieces
 24365 | Orc:2    | Identified the +2 morningstar of Death's Door {venom,
                  | Str+3} (You bought it in a shop on level 2 of the Orcish
                  | Mines)
 25085 | D:12     | Noticed Kirke
 25102 | D:12     | Killed Kirke
 25530 | D:13     | Received a gift from Okawaru
 25637 | D:13     | Identified the ring "Xarigafi" {rCorr AC+4 Str+5}
 25654 | D:13     | Found a glowing silver altar of Zin.
 25752 | D:13     | Reached skill level 10 in Throwing
 26328 | D:14     | Received a gift from Okawaru
 26333 | D:14     | Reached skill level 5 in Dodging
 26893 | D:14     | Found a gate to the Vaults.
 26935 | D:15     | Entered Level 15 of the Dungeon
 27013 | D:15     | Found Moffef's Distillery.
 27021 | D:15     | Received a gift from Okawaru
 27606 | D:15     | Found a staircase to the Depths.
 27655 | D:15     | Noticed Bialiabluu's ghost (adept GrEE)
 27674 | D:15     | Found a runed translucent gate.
 27674 | D:15     | Found a runed translucent gate.
 27674 | D:15     | Found a runed translucent gate.
 27865 | D:15     | Killed Bialiabluu's ghost
 27865 | D:15     | Received a gift from Okawaru
 27868 | D:15     | Reached XP level 17. HP: 95/136 MP: 23/25
 27939 | D:15     | Identified the amulet of Kuefaf {rF+ RegenMP+}
 28231 | Spider:1 | Entered Level 1 of the Spider Nest
 28236 | Spider:1 | Identified the serpent talisman of Grottiness {rF+ MP-9
                  | Dex+5}
 28236 | Spider:1 | Noticed Aizul
 28254 | Spider:1 | Killed Aizul
 29033 | Spider:1 | Slain by a pharaoh ant

Illustrated notes

Levels and vault maps discovered:
D:1:      scummos_arrival_simple_fountains, layout_loops_cross,
          dreamdust_wishing_well, minmay_heptomino_l4
D:2:      layout_loops_ring, uniq_crazy_yiuf_cottage
D:3:      minmay_evil_eye, layout_basic, old_standard_altar,
          nicolae_overflow_hidden_temple
D:4:      layout_loops_ring, mainiacjoe_overflow_brackets, temple_statues,
          cheibrodos_sewer_entry_sluice, chequers_serial_rivers_large_a
D:5:      corexii_shack_village, layout_basic, uniq_edmund
D:6:      layout_cave_pools, yredelemnul_altar_generic, kennysheep_mini,
          uniq_eustachio, uniq_blork_the_orc
D:7:      layout_rooms, nicolae_ossuary_entry_plus, st_stairs_9
D:8:      layout_basic, dpeg_oklobed_lair, hangedman_abyss_or_decor_passed,
          uniq_grum
D:9:      layout_basic
D:10:     layout_rooms, nicolae_ru_path_of_blood,
          gammafunk_temple_overflow_statue, uniq_josephine
D:11:     layout_big_octagon, erik_orc_1, minmay_misc_feat_chi,
          kennysheep_windowed_goal
D:12:     layout_gridville, chequers_serial_rivers_room_b,
          chequers_serial_rivers_micro_e, kennysheep_boxes, uniq_kirke
D:13:     layout_roguey, zin_academy
D:14:     layout_rooms, david_vaults_1, onia_ninara_cookie
D:15:     grunt_enter_depths_magical_seal, layout_basic, serial_shops, shop,
          maelrawn_ghost_gauntlet_escape, amethyst_killhole
Temple:   compressed_dpeg_triangle_lava_temple
Lair:1:   layout_regular_city, basic_altar, lemuel_fruit_fields
Lair:2:   wander_river, layout_small_grid, minmay_shoals_entry_beasts,
          spider_nest_entry_rubble, portal_ice_cave_demonic_guard, wad_woods_06,
          uniq_maggie, uniq_erica
Lair:3:   layout_cave_pods, special_room [special_room_mythical_zoo]
Lair:4:   layout_regular_city
Lair:5:   evil_forest, layout_big_grid, slime_entry_1,
          nicolae_volcano_entry_s_turn, gauntlet_entry_generic,
          guppyfry_lair_drakes, grunt_megastairs_3, infiniplex_staircase_pool,
          uniq_rupert
Spider:1: layout_cave_pods, nicolae_spider_paper_wasps, uniq_aizul
Orc:1:    lemuel_ogre_cave, layout_caves, blackcustard_rock_pile
Orc:2:    st_orc_congregation, layout_caves, serial_shops, shop,
          nicolae_orc_pool_cavern

Skill      XL: |  1  2  3  4  5  6  7  8  9 10 11 12 13 14 15 16 17 |
---------------+----------------------------------------------------+-----
Fighting       | 1 2 3 4 5 6 8 10 11 12 13 | 13.0
Throwing       | 3 4 5 6 8 10 12 | 12.0
Invocations    | 2 3 6 10 11 | 11.0
Evocations     | 2 3 4 6 |  6.0
Armour         | 2 5 7 9 11 12 13 | 13.0
Maces & Flails | 4 7 9 13 14 15 | 15.8
Shields        | 5 6 |  6.0
Dodging        | 9 |  9.3
Staves         | |  3.0
Unarmed Combat | |  2.0

Action                     |  1- 3 |  4- 6 |  7- 9 | 10-12 | 13-15 | 16-18 || total
---------------------------+-------+-------+-------+-------+-------+-------++-------
  Melee: Quarterstaff      |    89 |   131 |    51 |       |       |       ||   271
         Flail             |       |       |   322 |   518 |       |       ||   840
         Eveningstar       |       |       |       |    96 |  1048 |   547 ||  1691
  Throw: Dart              |     2 |    16 |    27 |     4 |     4 |       ||    53
         Javelin           |       |       |       |       |     4 |       ||     4
 Invoke: Heroism           |       |       |     1 |     7 |     5 |     1 ||    14
         Receive Weapon    |       |       |       |       |     1 |       ||     1
         Receive Armour    |       |       |       |       |     1 |       ||     1
         Finesse           |       |       |       |       |     1 |       ||     1
  Evoke: Wand              |       |       |     7 |     7 |     2 |       ||    16
         Lightning rod     |       |       |       |       |     4 |       ||     4
         Phial of floods   |       |       |       |       |     1 |       ||     1
         Tin of tremorston |       |       |       |       |       |     2 ||     2
    Use: Scroll            |       |     7 |     4 |    12 |    12 |     1 ||    36
         Potion            |       |       |       |     3 |     1 |     1 ||     5
   Stab: Invisible         |       |       |       |     5 |       |       ||     5
 Armour: Leather armour    |    37 |       |       |       |       |       ||    37
         Chain mail        |    35 |   143 |   710 |   445 |       |       ||  1333
         Plate armour      |       |       |       |   161 |   843 |   511 ||  1515
  Dodge: Dodged            |    38 |    55 |   388 |   199 |   242 |   184 ||  1106
  Block: Buckler           |       |       |   100 |   197 |   293 |   179 ||   769

Table legend: (Time is in decaauts)
 A = Elapsed time spent in this place.
 B = Non-inter-level travel time spent in this place.
 C = Inter-level travel time spent in this place.
 D = Time resting spent in this place.
 E = Time spent auto-exploring this place.
 F = Levels seen in this place.
 G = Mean time per level.
                   A        B        C        D        E       F      G
               +--------+--------+--------+--------+--------+-----+--------+
         Total |  29141 |  27208 |   1933 |   6141 |  13852 |  29 | 1004.9 |
       Dungeon |  17162 |  15736 |   1426 |   3592 |   8504 |  15 | 1144.1 |
        Temple |     18 |      2 |     16 |      0 |      0 |   1 |   18.0 |
          Lair |   6698 |   6391 |    307 |   1566 |   3303 |   5 | 1339.6 |
   Spider Nest |    701 |    701 |      0 |     77 |    439 |   1 |  701.0 |
  Orcish Mines |   2446 |   2264 |    182 |    363 |   1137 |   2 | 1223.0 |
         Sewer |    254 |    254 |      0 |     69 |     82 |   1 |  254.0 |
       Ossuary |    595 |    595 |      0 |     92 |    247 |   1 |  595.0 |
      Ice Cave |    529 |    529 |      0 |    296 |     20 |   1 |  529.0 |
       Volcano |    325 |    325 |      0 |     49 |     99 |   1 |  325.0 |
      Gauntlet |    408 |    408 |      0 |     36 |     20 |   1 |  408.0 |
               +--------+--------+--------+--------+--------+-----+--------+

Top non-repeatable levels by time:
     D:8: 2478 daAuts
     D:5: 2272 daAuts
  Lair:1: 1750 daAuts
  Lair:5: 1454 daAuts
   Orc:2: 1401 daAuts
     D:9: 1385 daAuts
  Lair:2: 1337 daAuts
    D:10: 1301 daAuts
  Lair:4: 1212 daAuts
     D:6: 1153 daAuts
     D:2: 1141 daAuts
   Orc:1: 1045 daAuts
    D:14: 1026 daAuts
    D:15: 994 daAuts
     D:4: 950 daAuts
